ORI
UNIVERSITY OF MINNESOTA GOLDEN GOPHERS @ UNIVERSITY OF SOUTHERN CALIFORNIA TROJANS
12/28/2048
 
TOP OF THE 1ST
University of Minnesota Golden Gophers batting - Pitching for University of Southern California Trojans : LHP Garett Fazio
Pitching: LHP Garett Fazio
Batting: RHB Roy Evenden 0-0: Ball
1-0: Ball
2-0: Bunt for hit to 23 - play at first, batter OUT! 3-4
Batting: RHB Ron Gooch 0-0: Ball
1-0: Ground out 3-1 (Groundball, 34, EV 85.6 MPH)
Batting: RHB Tatsuyoshi Ikeda 0-0: Swinging Strike
0-1: TRIPLE (Flyball, 89XD, EV 108.1 MPH)
Batting: RHB Jose Garrido 0-0: Ground out 5-3 (Groundball, 56S, EV 79.4 MPH)
Top of the 1st over - 0 runs, 1 hit, 0 errors, 1 left on base; University of Minnesota 0 - University of Southern California 0
BOTTOM OF THE 1ST
University of Southern California Trojans batting - Pitching for University of Minnesota Golden Gophers : RHP Adam Wickwire
Pitching: RHP Adam Wickwire
Batting: LHB Alonzo Catalan 0-0: Swinging Strike
0-1: Ground out 6-3 (Groundball, 56, EV 86.2 MPH)
Batting: RHB Liangde Zhou 0-0: Ball
1-0: Called Strike
1-1: Foul Ball, location: 2F
1-2: Foul Ball, location: 2F
1-2: Ball
2-2: Ground out 5-3 (Groundball, 25, EV 76.9 MPH)
Batting: RHB Rick Acevedo 0-0: Ground out 4-3 (Groundball, 4, EV 105.6 MPH)
Bottom of the 1st over - 0 runs, 0 hits, 0 errors, 0 left on base; University of Minnesota 0 - University of Southern California 0
TOP OF THE 2ND
University of Minnesota Golden Gophers batting - Pitching for University of Southern California Trojans : LHP Garett Fazio
Batting: RHB Jason Mooris 0-0: Foul Ball, location: 2F
0-1: Called Strike
0-2: Ball
1-2: Fly out, F5 (Line Drive, 5, EV 66.9 MPH)
Batting: LHB Bobby Agterberg 0-0: Ball
1-0: Ball
2-0: Ball
3-0: Called Strike
3-1: Base on Balls
Batting: LHB Jose Moncada 0-0: Called Strike
0-1: Fly out, F7 (Flyball, 7S, EV 81.9 MPH)
Batting: LHB Ivan Villegas 0-0: Called Strike
0-1: Ball
1-1: Swinging Strike
1-2: Foul Ball, location: 2F
1-2: Ball
2-2: Strikes out swinging
Top of the 2nd over - 0 runs, 0 hits, 0 errors, 1 left on base; University of Minnesota 0 - University of Southern California 0
BOTTOM OF THE 2ND
University of Southern California Trojans batting - Pitching for University of Minnesota Golden Gophers : RHP Adam Wickwire
Batting: LHB John Rumbolt 0-0: Ball
1-0: Swinging Strike
1-1: Ball
2-1: Swinging Strike
2-2: Strikes out swinging
Batting: RHB Jeremy McAbee 0-0: Ball
1-0: Ball
2-0: Called Strike
2-1: Called Strike
2-2: Ground out 4-3 (Groundball, 4, EV 82.5 MPH)
Batting: RHB Joe Keough 0-0: Called Strike
0-1: Swinging Strike
0-2: Ball
1-2: Ball
2-2: Strikes out swinging
Bottom of the 2nd over - 0 runs, 0 hits, 0 errors, 0 left on base; University of Minnesota 0 - University of Southern California 0
TOP OF THE 3RD
University of Minnesota Golden Gophers batting - Pitching for University of Southern California Trojans : LHP Garett Fazio
Batting: RHB Josh Gifford 0-0: Ground out U3 (Groundball, 34S, EV 84.4 MPH)
Batting: RHB Roy Evenden 0-0: Swinging Strike
0-1: Foul Ball, location: 2F
0-2: Strikes out looking
Batting: RHB Ron Gooch 0-0: Called Strike
0-1: Ball
1-1: Swinging Strike
1-2: Strikes out swinging
Top of the 3rd over - 0 runs, 0 hits, 0 errors, 0 left on base; University of Minnesota 0 - University of Southern California 0
BOTTOM OF THE 3RD
University of Southern California Trojans batting - Pitching for University of Minnesota Golden Gophers : RHP Adam Wickwire
Batting: RHB John Sandberg 0-0: Called Strike
0-1: Foul Ball, location: 2F
0-2: Foul Ball, location: 2F
0-2: Foul Ball, location: 2F
0-2: Fly out, F8 (Flyball, 8LD, EV 90.0 MPH)
Batting: RHB Jim Baltazar 0-0: Foul Ball, location: 2F
0-1: Foul Ball, location: 2F
0-2: Strikes out swinging
Batting: RHB Jochen Schanz 0-0: Ball
1-0: Swinging Strike
1-1: Swinging Strike
1-2: Strikes out swinging
Bottom of the 3rd over - 0 runs, 0 hits, 0 errors, 0 left on base; University of Minnesota 0 - University of Southern California 0
TOP OF THE 4TH
University of Minnesota Golden Gophers batting - Pitching for University of Southern California Trojans : LHP Garett Fazio
Batting: RHB Tatsuyoshi Ikeda 0-0: Ball
1-0: Ball
2-0: Called Strike
2-1: Ball
3-1: Foul Ball, location: 2F
3-2: Foul Ball, location: 2F
3-2: Foul Ball, location: 2F
3-2: Foul Ball, location: 2F
3-2: Strikes out swinging
Batting: RHB Jose Garrido 0-0: Called Strike
0-1: Swinging Strike
0-2: Ball
1-2: Ball
2-2: Strikes out swinging
Batting: RHB Jason Mooris 0-0: DOUBLE (Line Drive, 78D, EV 102.5 MPH)
Batting: LHB Bobby Agterberg 0-0: Ground out 4-3 (Groundball, 34, EV 89.4 MPH)
Top of the 4th over - 0 runs, 1 hit, 0 errors, 1 left on base; University of Minnesota 0 - University of Southern California 0
BOTTOM OF THE 4TH
University of Southern California Trojans batting - Pitching for University of Minnesota Golden Gophers : RHP Adam Wickwire
Batting: LHB Alonzo Catalan 0-0: Ball
1-0: Ball
2-0: Called Strike
2-1: Foul Ball, location: 2F
2-2: Foul Ball, location: 2F
2-2: SINGLE (Groundball, 6D, EV 95.0 MPH)
Batting: RHB Liangde Zhou 0-0: Called Strike
0-1: Fly out, F8 (Flyball, 89M, EV 84.4 MPH)
Batting: RHB Rick Acevedo 0-0: Ball
Alonzo Catalan is caught stealing 2nd base 2-4
1-0: Ball
2-0: Called Strike
2-1: Swinging Strike
2-2: Strikes out swinging
Bottom of the 4th over - 0 runs, 1 hit, 0 errors, 0 left on base; University of Minnesota 0 - University of Southern California 0
TOP OF THE 5TH
University of Minnesota Golden Gophers batting - Pitching for University of Southern California Trojans : LHP Garett Fazio
Batting: LHB Jose Moncada 0-0: Ball
1-0: Fly out, F9 (Line Drive, 89S, EV 97.5 MPH)
Batting: LHB Ivan Villegas 0-0: Ball
1-0: Ball
2-0: Fly out, F7 (Flyball, 7S, EV 93.8 MPH)
Batting: RHB Josh Gifford 0-0: Ball
1-0: Fly out, F2 (Popup, 15S, EV 88.8 MPH)
Top of the 5th over - 0 runs, 0 hits, 0 errors, 0 left on base; University of Minnesota 0 - University of Southern California 0
BOTTOM OF THE 5TH
University of Southern California Trojans batting - Pitching for University of Minnesota Golden Gophers : RHP Adam Wickwire
Batting: LHB John Rumbolt 0-0: Foul Ball, location: 2F
0-1: Ball
1-1: Called Strike
1-2: Foul Ball, location: 2F
1-2: SINGLE (Groundball, 6MD, EV 102.5 MPH)
Batting: RHB Jeremy McAbee 0-0: Called Strike
John Rumbolt is caught stealing 2nd base 2-4
0-1: Ball
1-1: Foul Ball, location: 2F
1-2: Foul Ball, location: 2F
1-2: Foul Ball, location: 2F
1-2: Fly out, F6 (Line Drive, 6, EV 67.5 MPH)
Batting: RHB Joe Keough 0-0: Ball
1-0: Ball
2-0: Called Strike
2-1: Foul Ball, location: 2F
2-2: Strikes out swinging
Bottom of the 5th over - 0 runs, 1 hit, 0 errors, 0 left on base; University of Minnesota 0 - University of Southern California 0
TOP OF THE 6TH
University of Minnesota Golden Gophers batting - Pitching for University of Southern California Trojans : LHP Garett Fazio
Batting: RHB Roy Evenden 0-0: Ball
1-0: Called Strike
1-1: Ball
2-1: Called Strike
2-2: Strikes out swinging
Batting: RHB Ron Gooch 0-0: Called Strike
0-1: Ball
1-1: Fly out, F8 (Line Drive, 8RD, EV 93.1 MPH)
Batting: RHB Tatsuyoshi Ikeda 0-0: Called Strike
0-1: Foul Ball, location: 2F
0-2: Fly out, F9 (Line Drive, 89M, EV 101.9 MPH)
Top of the 6th over - 0 runs, 0 hits, 0 errors, 0 left on base; University of Minnesota 0 - University of Southern California 0
BOTTOM OF THE 6TH
University of Southern California Trojans batting - Pitching for University of Minnesota Golden Gophers : RHP Adam Wickwire
Batting: RHB John Sandberg 0-0: Foul Ball, location: 2F
0-1: Swinging Strike
0-2: Ball
1-2: Fly out, F8 (Flyball, 8LM, EV 87.5 MPH)
Batting: RHB Jim Baltazar 0-0: Foul Ball, location: 2F
0-1: Ball
1-1: Swinging Strike
1-2: Ball
2-2: Strikes out swinging
Batting: RHB Jochen Schanz 0-0: Ball
1-0: Swinging Strike
1-1: Ball
2-1: Foul Ball, location: 2F
2-2: Foul Ball, location: 2F
2-2: Strikes out swinging, 2-3 out at first.
Bottom of the 6th over - 0 runs, 0 hits, 0 errors, 0 left on base; University of Minnesota 0 - University of Southern California 0
TOP OF THE 7TH
University of Minnesota Golden Gophers batting - Pitching for University of Southern California Trojans : LHP Garett Fazio
Batting: RHB Jose Garrido 0-0: Ball
1-0: Ball
2-0: Ball
3-0: Called Strike
3-1: Swinging Strike
3-2: Strikes out looking
Batting: RHB Jason Mooris 0-0: Ball
1-0: Fly out, F8 (Line Drive, 8LD, EV 88.8 MPH)
Batting: LHB Bobby Agterberg 0-0: Ball
1-0: Called Strike
1-1: DOUBLE (Flyball, 89XD, EV 103.1 MPH)
Pitching: LHP Jaden Peay
Batting: LHB Jose Moncada 0-0: Ball
1-0: Ground out 4-3 (Groundball, 4, EV 105.6 MPH)
Top of the 7th over - 0 runs, 1 hit, 0 errors, 1 left on base; University of Minnesota 0 - University of Southern California 0
BOTTOM OF THE 7TH
University of Southern California Trojans batting - Pitching for University of Minnesota Golden Gophers : RHP Adam Wickwire
Pitching: RHP Frank McCarthy
Batting: LHB Alonzo Catalan 0-0: SINGLE (Line Drive, 6D, EV 95.0 MPH)
Pinch Hitting: LHB Justin Veirs 0-0: Ball
1-0: Bunt missed!
1-1: Sac Bunt to P - play at first, batter OUT! 1-3
Alonzo Catalan to second
Batting: RHB Rick Acevedo 0-0: Foul Ball, location: 2F
0-1: Swinging Strike
0-2: Ball
1-2: Ball
2-2: Ball
3-2: Foul Ball, location: 2F
3-2: Base on Balls
Batting: LHB John Rumbolt 0-0: Foul Ball, location: 2F
0-1: Foul Ball, location: 2F
0-2: Ball
1-2: Foul Ball, location: 2F
1-2: Foul Ball, location: 2F
1-2: Foul Ball, location: 2F
1-2: Ball
2-2: Ball
3-2: Foul Ball, location: 2F
3-2: SINGLE (Flyball, 89S, EV 90.6 MPH)
Alonzo Catalan to third
Rick Acevedo to second
Runner from 3rd tries for Home, SAFE, throw by RF to home
Batting: RHB Jeremy McAbee 0-0: Ball
1-0: Swinging Strike
1-1: Called Strike
1-2: Ball
2-2: Foul Ball, location: 2F
2-2: Foul Ball, location: 2F
2-2: Ball
3-2: Grounds into double play, 5-4-3 (Groundball, 5, EV 86.2 MPH)
Bottom of the 7th over - 1 run, 2 hits, 0 errors, 1 left on base; University of Minnesota 0 - University of Southern California 1
TOP OF THE 8TH
University of Minnesota Golden Gophers batting - Pitching for University of Southern California Trojans : LHP Jaden Peay
Now at 3B: Tri Kartini
Pinch Hitting: RHB Scott Rose 0-0: Ball
1-0: Swinging Strike
1-1: Swinging Strike
1-2: Ball
2-2: Ground out 6-3 (Groundball, 6, EV 102.5 MPH)
Batting: RHB Josh Gifford 0-0: Ball
1-0: Ball
2-0: Called Strike
2-1: Foul Ball, location: 2F
2-2: Strikes out looking
Batting: RHB Roy Evenden 0-0: Called Strike
0-1: Called Strike
0-2: Ball
1-2: Foul Ball, location: 2F
1-2: Foul Ball, location: 2F
1-2: Ground out 6-3 (Groundball, 6, EV 80.0 MPH)
Top of the 8th over - 0 runs, 0 hits, 0 errors, 0 left on base; University of Minnesota 0 - University of Southern California 1
BOTTOM OF THE 8TH
University of Southern California Trojans batting - Pitching for University of Minnesota Golden Gophers : RHP Frank McCarthy
Pitching: RHP Jason Jacobs
Now in CF: Chris Rodgers
Batting: RHB Joe Keough 0-0: Ball
1-0: Ball
2-0: Ball
3-0: Base on Balls
Batting: RHB John Sandberg 0-0: Bunted foul
0-1: Bunted foul
0-2: Ball
1-2: SINGLE (Groundball, 34, EV 95.0 MPH)
Joe Keough to second
Batting: RHB Jim Baltazar 0-0: Ball
1-0: Fly out, F3 (Popup, 3S, EV 71.9 MPH)
Batting: RHB Jochen Schanz 0-0: Ball
1-0: Swinging Strike
1-1: Ball
2-1: Swinging Strike
2-2: Ball
3-2: SINGLE (Groundball, 34, EV 98.1 MPH)
Joe Keough to third
John Sandberg to second
Batting: LHB Alonzo Catalan 0-0: Ball
1-0: Fly out, F7 (Flyball, 7S, EV 81.9 MPH)
Batting: RHB Tri Kartini 0-0: Called Strike
0-1: Ball
1-1: GRAND SLAM HOME RUN (Flyball, 9D, EV 101.2 MPH), Distance : 385 ft
Pitching: RHP Dan Lupo
Batting: RHB Rick Acevedo 0-0: Called Strike
0-1: Foul Ball, location: 2F
0-2: Fly out, F8 (Flyball, 8RM, EV 81.9 MPH)
Bottom of the 8th over - 4 runs, 3 hits, 0 errors, 0 left on base; University of Minnesota 0 - University of Southern California 5
TOP OF THE 9TH
University of Minnesota Golden Gophers batting - Pitching for University of Southern California Trojans : LHP Jaden Peay
Batting: RHB Ron Gooch 0-0: Foul Ball, location: 2F
0-1: Swinging Strike
0-2: Ball
1-2: Strikes out swinging
Batting: RHB Tatsuyoshi Ikeda 0-0: Ball
1-0: Ball
2-0: Swinging Strike
2-1: Swinging Strike
2-2: Reached on error, E5 (Groundball, 56, EV 93.1 MPH)
Batting: RHB Jose Garrido 0-0: Called Strike
0-1: 2-RUN HOME RUN (Flyball, 7LD, EV 93.8 MPH), Distance : 370 ft
Batting: RHB Jason Mooris 0-0: Called Strike
0-1: Ball
1-1: Ball
2-1: Ball
3-1: Foul Ball, location: 2F
3-2: Fly out, F9 (Flyball, 89S, EV 87.5 MPH)
Pitching: RHP Lorenzo Garcia
Batting: LHB Bobby Agterberg 0-0: Ball
1-0: Foul Ball, location: 2F
1-1: Foul Ball, location: 2F
1-2: Ball
2-2: Ball
3-2: Foul Ball, location: 2F
3-2: Base on Balls
Pitching: RHP Dave Montoya
Batting: LHB Jose Moncada 0-0: Fly out, F9 (Flyball, 9LM, EV 96.2 MPH)
Top of the 9th over - 2 runs, 1 hit, 1 error, 1 left on base; University of Minnesota 2 - University of Southern California 5
Tuesday, March 28th , 2023 - OOTP Baseball 23.10 Build 110